Map: Emerald City LE

Players

LozR

  • Race: Zerg Zerg
  • Spawn Location: 5:00

Guerter

  • Race: Protoss Protoss
  • Spawn Location: 5:00

Massa - Winner!

  • Race: Terran Terran
  • League: Gold
  • Spawn Location: 11:00

qqq - Winner!

  • Race: Protoss Protoss
  • Spawn Location: 11:00

VOD

Have the link to the VOD?

Description

Time

  • Played on: June 22, 2020, 3:49 p.m.
  • Length: 21:45
Show
View Real Time Build Order
Export as new Build Order

LozR Zerg 

Build Orders: Pool First 

Get SALT Encoding   

  12  0:03  Drone  
  13  0:09  Drone  
  14  0:16  Overlord  
  14  0:28  Overlord  
  14  0:34  Extractor  
  13  0:44  Spawning Pool  
  12  0:58  Drone  
  12  0:59  Drone x2  
  15  1:24  Drone  
  15  1:25  Drone  
  17  1:35  Queen  
  19  1:46  Zergling x2  
  19  1:47  Metabolic Boost, Zergling x2  
  21  2:01  Spine Crawler  
  21  2:05  Spine Crawler  
  20  2:09  Zergling x4  
  22  2:34  Zergling x4  
  22  2:36  Zergling x2  
  24  2:41  Roach Warren  
  19  3:25  Roach  
  19  3:27  Zergling x8  
  24  3:38  Zergling x2  
  25  3:43  Lair  
  25  3:45  Hatchery  
  24  3:48  Zergling x2  
  20  4:16  Zergling x4  
  20  4:17  Zergling x2  
  23  4:20  Zergling x2  
  24  4:37  Zergling x2  
  24  4:38  Zergling x4  
  23  4:53  Zergling x4  
  23  4:57  Zergling x6  
  28  5:04  Zergling x4  
  30  5:10  Drone  
  31  5:16  Drone  
  32  5:23  Drone  
  33  5:33  Drone x2  
  35  5:45  Drone  
  35  5:48  Overlord  
  35  6:00  Queen  
  33  6:08  Drone x4, Baneling Nest  
  36  6:17  Drone x2  
  38  6:19  Drone  
  38  6:21  Drone  
  40  6:29  Zergling x2  
  40  6:30  Zergling x2  
  42  6:42  Zergling x2  
  42  6:44  Overlord x2  
  43  6:49  Extractor  
  43  6:51  Extractor  
  41  6:57  Extractor  
  41  6:59  Centrifical Hooks  
  40  7:01  Zergling x4  
  40  7:02  Zergling x4  
  40  7:05  Zergling x2  
  45  7:13  Drone  
  45  7:14  Drone x2  
  45  7:15  Drone  
  49  7:18  Drone  
  50  7:25  Drone  
  50  7:26  Drone x2  
  53  7:37  Spore Crawler  
  52  7:44  Drone, Spore Crawler  
  52  7:45  Drone x4  
  56  7:52  Drone  
  56  8:00  Baneling  
  56  8:01  Baneling x11  
  56  8:03  Zergling x4  
  58  8:07  Zergling x2  
  47  8:55  Drone  
  47  8:56  Drone x8  
  55  9:10  Drone x2  
  52  9:35  Hatchery  
  51  9:45  Infestation Pit  
  50  9:46  Zergling x2  
  50  9:47  Zergling x16, Evolution Chamber  
  50  9:49  Evolution Chamber  
  57  10:03  Hydralisk Den  
  54  10:36  Hydralisk  
  54  10:37  Hydralisk x2  
  54  10:39  Overlord x7  
  54  10:40  Overlord x4  
  57  10:54  Queen  
  59  11:03  Hydralisk  
  59  11:04  Hydralisk x8  
  61  11:07  Hydralisk x3  
  61  11:08  Hydralisk  
  85  11:12  Hydralisk x2  
  85  11:14  Lair  
  89  11:19  Drone  
  89  11:20  Drone  
  91  11:28  Hydralisk, Nydus Network  
  91  11:32  Muscular Augments  
  92  11:34  Zerg Missile Weapons Level 1  
  92  11:37  Zerg Ground Armor Level 1  
  92  11:47  Hydralisk  
  92  11:48  Hydralisk  
  96  12:08  Drone  
  97  12:09  Drone x8  
  105  12:26  Hydralisk x3  
  111  12:32  Hydralisk x3  
  111  12:33  Hydralisk x4  
  125  12:43  Grooved Spines  
  123  13:15  Hydralisk  
  123  13:16  Hydralisk x6  
  123  13:17  Hydralisk  
  117  13:44  Hydralisk x3  
  117  13:45  Hydralisk x3  
  90  14:18  Hatchery  
  90  14:20  Hydralisk x6  
  99  14:47  Nydus Canal  
  61  15:14  Hydralisk  
  61  15:15  Hydralisk x5  
  73  15:28  Zergling x2  
  73  15:29  Zergling x2  
  73  15:31  Zergling x2  
  73  15:34  Zerg Ground Armor Level 2  
  76  15:37  Queen  
  76  15:39  Hatchery  
  77  15:47  Zergling x2  
  77  15:48  Zergling x6  
  81  15:52  Drone  
  81  15:53  Drone  
  81  15:57  Queen  
  83  16:01  Zergling x4  
  87  16:07  Extractor  
  87  16:09  Extractor  
  85  16:14  Zergling x4  
  85  16:15  Zergling x4  
  85  16:17  Queen  
  91  16:23  Hatchery  
  90  16:29  Zergling x8  
  90  16:30  Zergling x2  
  95  16:50  Zergling x2  
  95  16:51  Zergling x14  
  103  17:06  Hydralisk x2  
  103  17:07  Hydralisk x3  
  111  17:25  Zergling x2  
  111  17:26  Zergling x14  
  114  18:04  Hydralisk  
  114  18:05  Hydralisk x7  
  111  18:06  Hydralisk x4  
  130  18:16  Queen  
  100  19:16  Hive  
  100  19:40  Hydralisk  
  100  19:41  Hydralisk x10  
  100  19:42  Hydralisk x7  
  133  20:11  Hydralisk  
  133  20:12  Hydralisk x4  
  143  20:14  Zergling x2  
  134  20:33  Hydralisk  
  134  20:34  Hydralisk x10  
  134  20:35  Hydralisk  
  144  20:42  Zergling x2  
  135  20:43  Zergling x2  
  111  20:54  Hydralisk  
  111  20:55  Hydralisk x3  
  82  21:13  Hydralisk x3  
  82  21:14  Hydralisk  
Show
View Real Time Build Order
Export as new Build Order

Guerter Protoss 

Build Orders: Carriers 

Get SALT Encoding   

  12  0:02  Probe  
  13  0:14  Probe  
  13  0:17  Pylon  
  14  0:26  Probe  
  15  0:35  Probe  
  15  0:36  Gateway  
  16  0:44  Probe  
  16  0:45  Assimilator  
  17  0:56  Probe, Assimilator  
  18  1:04  Probe  
  19  1:13  Probe, Assimilator  
  20  1:32  Cybernetics Core  
  20  1:33  Probe  
  20  1:35  Pylon  
  20  1:46  Probe  
  21  1:58  Probe  
  22  2:10  Robotics Facility  
  22  2:46  Immortal  
  22  3:04  Stalker  
  28  3:07  Shield Battery  
  28  3:14  Shield Battery  
  28  3:15  Shield Battery  
  28  3:59  Pylon  
  28  4:04  Pylon, Forge  
  28  4:17  Immortal  
  28  4:18  Stalker  
  34  4:33  Stargate  
  34  4:34  Stargate  
  34  5:19  Fleet Beacon  
  34  5:23  Photon Cannon  
  34  5:34  Nexus  
  34  5:37  Pylon  
  34  5:48  Stargate  
  34  5:56  Carrier  
  34  6:08  Carrier  
  46  6:25  Carrier  
  52  6:48  Probe  
  52  6:50  Probe  
  54  7:00  Probe  
  55  7:02  Probe  
  55  7:03  Pylon  
  56  7:18  Probe  
  56  7:19  Probe  
  58  7:25  Carrier  
  58  7:30  Probe  
  58  7:31  Probe  
  66  7:46  Photon Cannon  
  66  7:53  Carrier  
  72  8:17  Assimilator  
  72  8:21  Assimilator  
  72  8:35  Probe  
  72  8:36  Probe  
  74  8:47  Probe  
  75  8:48  Probe  
  76  8:59  Probe  
  76  9:01  Probe  
  78  9:22  Pylon  
  78  9:24  Pylon  
  78  9:28  Pylon  
  78  9:30  Carrier  
  78  9:32  Carrier  
  78  9:33  Probe  
  75  9:45  Probe  
  88  9:59  Carrier  
  70  10:17  Probe  
  71  10:29  Probe  
  71  10:34  Carrier  
  78  10:42  Probe  
  79  10:49  Nexus  
  79  10:51  Pylon  
  79  10:54  Probe  
  80  11:04  Warp Gate  
  80  11:06  Probe  
  80  11:08  Nexus  
  81  11:19  Gateway  
  81  11:22  Gateway  
  81  11:28  Carrier  
  87  11:40  Carrier  
  93  11:57  Probe  
  94  12:05  Probe  
  94  12:15  Probe  
  95  12:16  Carrier  
  96  12:22  Carrier  
  96  12:27  Probe  
  103  12:34  Carrier  
  109  12:39  Probe  
  109  12:42  Twilight Council  
  76  13:35  Carrier x2  
  66  13:45  Carrier  
  78  14:06  Probe  
  78  14:14  Probe  
  79  14:18  Assimilator  
  79  14:22  Assimilator  
  80  14:24  Probe  
  80  14:29  Probe, Carrier x2  
  81  14:33  Templar Archives  
  81  14:36  Probe  
  81  14:37  Probe  
  83  14:44  Photon Cannon  
  96  14:46  Dark Shrine  
  96  14:47  Probe  
  96  14:49  Probe  
  98  14:59  Probe  
  99  15:11  Probe  
  94  15:34  Carrier x3  
  112  15:38  Psionic Storm  
  112  15:40  Assimilator  
  112  15:42  Pylon  
  112  15:43  Assimilator  
  112  15:45  Pylon  
  112  15:58  Dark Templar x2  
  116  16:14  Photon Cannon  
  116  16:16  Photon Cannon  
  99  17:02  Dark Templar x3  
  99  17:05  Carrier  
  99  17:06  Carrier  
  105  17:53  Dark Templar x2  
  105  17:54  Dark Templar  
  97  18:35  Stargate x2  
  97  18:37  Stargate  
  97  18:38  Protoss Shields Level 1, Stargate  
  97  18:49  Protoss Air Weapons Level 1  
  97  18:53  Carrier  
  97  18:54  Carrier  
  97  18:55  Carrier  
  88  19:49  Carrier x2  
  74  19:59  Carrier  
Show
View Real Time Build Order
Export as new Build Order

Massa Terran - Winner!

Build Orders:  

Get SALT Encoding   

  12  0:02  SCV  
  13  0:18  Supply Depot  
  13  0:22  SCV  
  14  0:34  SCV  
  15  0:42  Barracks  
  15  0:46  SCV  
  16  0:58  SCV  
  17  1:10  SCV  
  18  1:22  SCV  
  18  1:23  Refinery  
  19  1:34  SCV  
  19  1:39  Barracks, Marine  
  21  1:57  Marine  
  22  2:02  Orbital Command, Command Center  
  22  2:14  Marine  
  23  2:36  Barracks  
  23  2:41  Supply Depot  
  23  2:44  SCV  
  23  2:58  Supply Depot  
  23  3:03  SCV, Marine x2  
  26  3:05  Supply Depot  
  26  3:15  SCV  
  27  3:20  Marine x2  
  27  3:22  Barracks  
  29  3:30  SCV  
  29  3:31  SCV  
  31  3:38  Marine x2  
  31  3:40  Marine  
  34  3:42  SCV  
  34  3:43  SCV  
  36  3:56  Marine  
  36  3:57  Barracks Tech Lab, Marine  
  38  4:03  Factory  
  38  4:09  SCV  
  39  4:10  SCV  
  39  4:14  Marine  
  39  4:15  Marine  
  41  4:22  SCV x2  
  43  4:28  Marine x2  
  45  4:32  Marine  
  45  4:33  Marine  
  45  4:34  SCV  
  45  4:46  Marauder, Marine  
  45  4:49  Marine  
  48  5:05  Factory Tech Lab  
  48  5:08  Marauder  
  48  5:10  Barracks Reactor  
  50  5:14  SCV  
  50  5:15  Barracks Tech Lab, Orbital Command  
  50  5:16  Refinery  
  51  5:21  Engineering Bay  
  51  5:26  SCV  
  52  5:29  Marauder  
  52  5:35  Siege Tank  
  57  5:38  SCV  
  58  5:50  SCV, Marauder  
  58  5:54  Starport  
  59  5:57  Refinery  
  59  6:03  SCV  
  60  6:05  Marauder  
  62  6:26  Supply Depot x2  
  62  6:27  Supply Depot  
  62  6:28  Marine x3, Supply Depot  
  62  6:29  Marauder x2  
  62  6:30  Supply Depot  
  62  6:31  Stimpack  
  69  6:33  Concussive Shells  
  69  6:42  Refinery, SCV  
  70  6:47  Marine x2  
  70  6:48  SCV  
  70  6:50  Marauder x2  
  70  6:53  Missile Turret  
  78  6:54  SCV  
  78  6:57  Missile Turret  
  78  7:00  SCV  
  80  7:05  Marine x2  
  80  7:06  SCV  
  80  7:07  Siege Tank  
  85  7:09  Terran Infantry Weapons Level 1  
  85  7:10  Barracks Tech Lab  
  85  7:11  Marine  
  85  7:12  Marauder  
  88  7:23  Marine x2  
  88  7:24  Medivac  
  88  7:29  Marine  
  93  7:32  Marine  
  94  7:38  SCV x2  
  94  7:39  Command Center  
  94  7:41  Marine x2  
  94  7:42  Siege Tank  
  94  7:44  Marauder  
  103  7:47  Marine  
  103  7:50  SCV x2, Marine  
  107  7:58  Marine x2  
  107  8:02  SCV  
  110  8:12  Supply Depot  
  110  8:13  Supply Depot  
  110  8:14  Supply Depot x3  
  110  8:15  Supply Depot  
  110  8:18  Supply Depot  
  110  8:30  Combat Shield  
  110  8:33  Marine  
  110  8:34  SCV x2, Marauder  
  115  8:46  SCV x2  
  86  8:52  Marine  
  86  8:53  Marine x3  
  86  8:55  Marine  
  69  8:57  Orbital Command  
  69  8:58  SCV x2  
  69  9:01  Missile Turret  
  62  9:04  Widow Mine  
  62  9:09  Hi-Sec Auto Tracking  
  64  9:10  SCV x2, Marine x4  
  64  9:13  Marine  
  64  9:14  Missile Turret  
  69  9:25  Widow Mine  
  69  9:28  Marine x4  
  69  9:30  Marine  
  70  9:46  Widow Mine, Marine  
  73  10:09  Marauder  
  73  10:10  Marauder x2  
  73  10:12  Marine x2  
  81  10:15  Siege Tank  
  84  10:26  Terran Infantry Armor Level 1  
  84  10:29  Marine  
  84  10:30  Marine  
  84  10:31  Marauder x3  
  84  10:34  Armory  
  92  10:41  SCV  
  92  10:42  SCV  
  94  10:46  SCV  
  94  10:47  Marine, Siege Tank  
  94  10:48  Marine  
  94  10:49  Command Center  
  100  10:50  Medivac  
  100  10:52  Marauder x2  
  100  10:53  Marauder  
  100  10:54  SCV x2  
  110  10:58  SCV  
  111  11:05  Marine  
  111  11:06  SCV x2, Marine, Missile Turret  
  111  11:10  SCV  
  116  11:14  Marauder x3  
  116  11:18  SCV x2  
  123  11:19  Siege Tank  
  123  11:20  Medivac  
  123  11:23  Starport, SCV, Engineering Bay  
  130  11:30  SCV x2, Missile Turret  
  132  11:35  SCV, Marauder x3  
  132  11:39  Command Center  
  139  11:42  SCV x2  
  139  11:45  Marine  
  139  11:46  Marine  
  143  11:51  Missile Turret, Thor  
  149  11:56  Marauder  
  149  11:57  Marauder x2  
  155  12:03  Marine x2  
  157  12:16  Factory  
  157  12:18  Marauder  
  159  12:24  Factory  
  159  12:30  Orbital Command  
  159  12:34  Thor  
  165  12:38  Refinery  
  165  12:48  Medivac  
  167  12:52  Starport Reactor  
  167  13:18  Medivac  
  137  13:58  Medivac x3  
  137  13:59  Marauder x3, Marine  
  110  14:13  Marine  
  110  14:17  Factory Tech Lab, Marine  
  99  14:18  Factory Tech Lab, Thor  
  99  14:20  Marauder x3  
  99  14:23  Refinery  
  112  14:26  Refinery  
  112  14:30  Marine  
  113  14:34  Marine  
  113  14:36  Terran Infantry Armor Level 2, Terran Infantry Weapons Level 2  
  114  14:39  Terran Vehicle And Ship Armor Level 1  
  114  14:42  Marauder x3  
  120  14:46  Armory  
  120  14:48  Marine, Planetary Fortress  
  120  14:52  Marine  
  120  14:53  Missile Turret  
  112  15:01  Thor  
  112  15:03  Marauder x3  
  112  15:06  Marine  
  120  15:12  Missile Turret  
  120  15:15  Missile Turret  
  120  15:24  Marauder x2  
  120  15:25  Marauder  
  126  15:31  Marine x2  
  126  15:33  Thor  
  126  15:35  Missile Turret  
  134  15:40  Thor  
  140  15:44  Thor  
  140  15:46  Marauder x3  
  140  15:49  Marine x2  
  154  15:51  Barracks  
  154  15:52  Missile Turret  
  154  16:07  Marauder x3, Marine x2  
  154  16:10  Refinery  
  162  16:12  Missile Turret  
  162  16:22  SCV  
  162  16:23  SCV x4  
  162  16:24  Marine  
  162  16:25  Marine  
  169  16:26  Refinery  
  169  16:29  Marauder x3  
  169  16:31  Missile Turret  
  175  16:34  SCV  
  175  16:35  SCV x4  
  175  16:37  Thor x3  
  198  16:42  Marine, Command Center  
  198  16:43  Marine  
  200  16:51  Missile Turret  
  200  16:52  Command Center  
  200  17:00  Marine  
  200  17:09  Missile Turret  
  199  17:24  Marine  
  174  18:13  Thor x3  
  185  18:25  Marine x2  
  185  18:26  Marine x4  
  187  18:43  Marine x4  
  187  18:44  Marauder x2  
  192  18:55  SCV  
  189  18:56  SCV x4, Thor  
  189  19:01  Marine  
  197  19:07  SCV, Marauder  
  197  19:09  Factory Tech Lab  
  200  19:19  SCV  
  186  19:38  Thor  
  192  19:56  Marauder x3, Marine x2  
  112  20:45  Marauder x2  
  112  20:46  Marauder, Marine  
  112  20:47  Marine  
  113  20:54  Barracks Tech Lab  
  113  20:56  Barracks Reactor  
  130  21:04  Marine x2  
  130  21:07  Marauder x3  
  126  21:22  Marine x2  
  140  21:42  Refinery  
Show
View Real Time Build Order
Export as new Build Order

qqq Protoss - Winner!

Build Orders:  

Get SALT Encoding   

  12  0:06  Probe  
  13  0:18  Probe  
  14  0:30  Probe  
  14  0:34  Pylon  
  15  0:48  Pylon  
  15  0:52  Probe, Forge  
  16  1:04  Probe  
  16  1:08  Gateway  
  17  1:16  Probe  
  18  1:29  Probe  
  19  1:45  Pylon  
  19  1:47  Probe  
  20  2:00  Pylon  
  20  2:01  Pylon  
  20  2:02  Pylon  
  20  2:07  Photon Cannon  
  20  2:09  Pylon  
  20  2:20  Photon Cannon  
  19  2:39  Photon Cannon  
  19  2:47  Photon Cannon  
  19  2:56  Photon Cannon  
  19  2:58  Pylon  
  19  3:03  Photon Cannon  
  19  3:06  Pylon  
  19  3:14  Photon Cannon  
  18  3:33  Cybernetics Core  
  18  3:39  Assimilator  
  18  3:41  Assimilator  
  18  4:12  Nexus  
  18  4:20  Probe  
  18  4:32  Probe  
  18  4:37  Stargate  
  19  4:44  Probe  
  20  4:56  Probe  
  21  5:01  Stargate  
  21  5:08  Probe  
  22  5:20  Probe  
  23  5:25  Probe  
  24  5:31  Void Ray  
  28  5:37  Probe  
  29  5:49  Probe  
  30  5:53  Void Ray  
  34  6:01  Probe  
  35  6:05  Pylon  
  35  6:09  Photon Cannon  
  35  6:13  Probe  
  36  6:25  Probe  
  37  6:30  Void Ray  
  41  6:37  Probe  
  42  6:49  Probe, Void Ray  
  47  7:01  Probe  
  47  7:02  Nexus  
  47  7:08  Pylon  
  48  7:14  Probe  
  49  7:23  Void Ray  
  49  7:27  Probe  
  54  7:39  Probe, Assimilator  
  54  7:43  Assimilator  
  55  7:50  Photon Cannon, Protoss Air Weapons Level 1  
  55  7:51  Probe  
  56  8:03  Probe, Void Ray  
  61  8:13  Probe  
  61  8:16  Probe  
  63  8:21  Probe  
  63  8:24  Probe  
  63  8:26  Photon Cannon  
  64  8:29  Probe  
  64  8:32  Probe  
  66  8:35  Fleet Beacon  
  67  8:41  Probe  
  67  8:44  Probe  
  69  8:53  Probe  
  70  8:56  Probe, Void Ray  
  70  8:57  Void Ray  
  75  9:03  Pylon  
  75  9:07  Pylon  
  75  9:20  Flux Vanes  
  75  9:39  Void Ray  
  75  9:42  Tempest  
  84  9:48  Probe x2  
  78  10:00  Probe x2  
  76  10:12  Probe  
  77  10:18  Assimilator  
  77  10:22  Void Ray  
  77  10:23  Assimilator  
  77  10:24  Probe  
  77  10:25  Void Ray  
  86  10:36  Probe  
  86  10:42  Protoss Air Weapons Level 2  
  87  10:48  Probe  
  88  11:00  Probe  
  89  11:04  Nexus  
  89  11:05  Void Ray  
  89  11:07  Pylon  
  93  11:18  Pylon  
  93  11:24  Void Ray  
  93  11:25  Probe  
  98  11:26  Pylon  
  98  11:30  Pylon  
  98  11:36  Pylon  
  98  11:37  Probe  
  99  11:49  Probe, Void Ray  
  99  11:52  Nexus  
  104  11:55  Pylon  
  104  11:59  Pylon  
  104  12:02  Pylon  
  104  12:07  Void Ray  
  108  12:10  Pylon  
  108  12:16  Pylon  
  108  12:32  Void Ray  
  112  12:39  Mothership  
  120  12:50  Void Ray  
  120  13:13  Protoss Air Armor Level 1  
  120  13:15  Void Ray  
  116  13:33  Void Ray  
  99  13:44  Probe x2  
  89  13:56  Probe x2  
  89  13:58  Void Ray  
  89  14:02  Stargate  
  95  14:06  Stargate  
  95  14:08  Probe x2  
  97  14:11  Assimilator  
  97  14:14  Assimilator  
  97  14:16  Void Ray  
  101  14:20  Probe x2  
  101  14:21  Nexus  
  103  14:26  Photon Cannon  
  103  14:27  Shield Battery  
  103  14:32  Probe x2, Pylon  
  105  14:38  Stargate  
  105  14:40  Probe  
  105  14:41  Void Ray  
  105  14:44  Probe  
  111  14:48  Probe  
  111  14:52  Void Ray  
  116  14:56  Probe  
  116  14:59  Probe, Void Ray  
  122  15:08  Probe  
  122  15:11  Probe  
  124  15:18  Void Ray  
  128  15:24  Void Ray  
  128  15:35  Void Ray  
  132  15:40  Probe  
  132  15:41  Probe x2, Void Ray  
  139  15:53  Probe x3  
  139  15:54  Assimilator  
  142  15:58  Assimilator  
  142  16:01  Void Ray  
  142  16:02  Pylon  
  146  16:05  Probe, Pylon  
  146  16:06  Probe, Void Ray  
  146  16:10  Assimilator  
  152  16:14  Assimilator  
  152  16:15  Photon Cannon  
  152  16:17  Probe, Void Ray  
  152  16:18  Probe  
  158  16:21  Photon Cannon  
  158  16:24  Void Ray  
  162  16:26  Photon Cannon  
  162  16:27  Photon Cannon  
  162  16:28  Shield Battery  
  162  16:29  Probe  
  162  16:30  Probe, Photon Cannon  
  155  16:42  Probe  
  155  16:43  Void Ray  
  148  16:49  Void Ray  
  132  16:54  Probe  
  132  17:00  Tempest  
  130  17:05  Mothership  
  130  17:07  Void Ray  
  142  17:14  Pylon  
  125  17:26  Tempest  
  125  17:29  Carrier  
  136  17:32  Tempest  
  136  17:34  Probe  
  143  17:38  Photon Cannon  
  143  17:41  Photon Cannon  
  143  17:43  Void Ray  
  146  17:44  Photon Cannon  
  146  17:46  Probe, Shield Battery  
  146  17:50  Void Ray  
  138  17:58  Probe  
  139  18:09  Tempest  
  139  18:10  Photon Cannon  
  139  18:12  Photon Cannon  
  143  18:15  Tempest  
  143  18:16  Nexus  
  148  18:26  Tempest  
  153  18:32  Probe  
  153  18:33  Tempest x2  
  164  18:44  Probe  
  164  18:48  Nexus  
  161  18:51  Pylon  
  161  18:52  Tempest  
  150  18:55  Pylon  
  150  18:56  Probe  
  150  18:58  Tempest  
  150  19:09  Probe, Tempest  
  140  19:11  Photon Cannon  
  140  19:15  Tempest x2  
  140  19:16  Photon Cannon  
  149  19:18  Shield Battery  
  149  19:21  Probe  
  150  19:28  Probe  
  150  19:30  Photon Cannon  
  151  19:33  Probe  
  151  19:34  Photon Cannon, Shield Battery  
  151  19:35  Carrier  
  158  19:41  Carrier  
  158  19:45  Probe  
  166  19:52  Carrier  
  169  20:03  Pylon  
  169  20:11  Pylon  
  169  20:12  Pylon  
  169  20:15  Pylon  
  169  20:16  Pylon  
  169  20:19  Pylon  
  175  20:21  Carrier  
  175  20:22  Pylon  
  175  20:29  Carrier  
  173  20:39  Carrier  
  184  20:57  Probe  
  184  21:09  Probe  
  184  21:10  Nexus  
  185  21:21  Probe  
  185  21:22  Nexus  
Tags
 
Add a new tag
Caveats
  • Supply blocks, unpowered buildings, or Contaminate may cause inaccurate times.
  • Supply counts are checked every 10 seconds.